 Dungeon Crawl Stone Soup version 0.28-a0-1594-ga885d4b3d6 (webtiles) character file.

Game seed: 5826273079754519555

100 testman the Magician (level 5, 0/38 HPs)
             Began as a Djinni Hedge Wizard on Jan 20, 2022.
             Was a Believer of Cheibriados.
             Slain by an ogre (33 damage)
             ... on level 3 of the Dungeon.
             The game lasted 00:07:49 (3485 turns).

testman the Magician (Djinni Hedge Wizard)          Turns: 3485, Time: 00:07:49

Health: 0/38       AC:  2    Str: 14    XL:     5   Next: 3%
Gold:   57         EV: 12    Int: 22    God:    Cheibriados [**....] SH:  0 Dex: 18

rFire   + + .      SeeInvis .   i - +0 dagger (venom)
rCold   x . .      Faith    .   (no shield)
rNeg    . . .      Spirit   .   b - +0 robe
rPois   ∞          Reflect  .   c - +0 hat
rElec   .          Harm     .   (no cloak)
rCorr   .          Rampage  .   (no gloves)
Will    .....                   (boots unavailable)
Stlth   ++........              (no amulet)
HPRegen 0.12/turn               (no ring)
MPRegen 0.00/turn               (no ring)

@: flying, very slow
A: sickness immunity, fire resistance 2, cold vulnerability 1, float, innate
caster, hp casting, extra vitality 1
a: Renounce Religion, Bend Time


You were on level 3 of the Dungeon.
You worshipped Cheibriados.
Cheibriados was pleased with you.
You visited 1 branch of the dungeon, and saw 3 of its levels.

You collected 57 gold pieces.

Inventory:

Hand Weapons
 i - a +0 dagger of venom (weapon)
Missiles
 a - 20 sling bullets
 e - 54 stones
Armour
 b - a +0 robe (worn)
 c - a +0 hat (worn)
Jewellery
 n - an amulet of the acrobat
Scrolls
 d - a scroll of amnesia {unknown}
 f - 2 scrolls of teleportation {unknown}
 m - a scroll of fear {unknown}
 o - a scroll of identify {unknown}
Potions
 g - a potion of heal wounds {unknown}
 h - a potion of magic {unknown}
 j - a potion of flight {unknown}
 k - 2 potions of curing {unknown}
 l - a potion of invisibility {unknown}


   Skills:
 + Level 1.9 Fighting
 - Level 2.1 Dodging
 - Level 1.5 Stealth
 + Level 3.7 Spellcasting


You couldn't memorise any spells.
You knew the following spells:

 Your Spells              Type           Power      Damage    Failure   Level
a - Magic Dart            Conj           80%        1d7       2%          1
b - Blink                 Tloc           40%        N/A       3%          2
c - Call Imp              Summ           20%        N/A       3%          2
d - Slow                  Hex            80%        N/A       2%          1
e - Conjure Flame         Conj/Fire      20%        6-21      8%          3
f - Mephitic Cloud        Conj/Pois/Air  20%        N/A       8%          3
g - Freeze                Ice            80%        1d9       2%          1
h - Searing Ray           Conj           40%        2d5       3%          2
Your spell library was empty.

Dungeon Overview and Level Annotations

Branches:
Dungeon (3/15)

Altars:
Cheibriados


Innate Abilities, Weirdness & Mutations

You are immune to sickness and miasma.
You are immune to poison.
Your flesh is very heat resistant. (rF++)
You are vulnerable to cold. (rC-)
You float through the air rather than walking.
You learn spells naturally, not from books.
Your magical power is your life essence.
You have superior vitality. (+4 MHP)


Message History

Aiming: Magic Dart (safe; 2% risk of failure)
Press: ? - help, Q - select action, (/) - cycle Shift-Dir - straight line, f/p - adder
Aim: an adder (severely wounded, 100% to hit)
The magic dart hits the adder.
You kill the adder!
Cheibriados thoroughly appreciates the change of pace.
You have reached level 5!
The power to cast Searing Ray wells up from within.
Spell assigned to 'h'.
An ogre comes into view. It is wielding a +0 giant spiked club.
Casting: Magic Dart (safe; 2% risk of failure)
Confirm with . or Enter, or press ? or * to list all spells.
Aiming: Searing Ray (safe; 3% risk of failure)
Press: ? - help, Shift-Dir - straight line, f - ogre
Aim: an ogre, wielding a +0 giant spiked club (asleep, 100% to hit)
Okay, then.
Unknown command.
Casting: Searing Ray (safe; 3% risk of failure)
Confirm with . or Enter, or press ? or * to list all spells.
Okay, then.
Unknown command.
Casting: Searing Ray (safe; 3% risk of failure)
Confirm with . or Enter, or press ? or * to list all spells.
Aiming: Searing Ray (safe; 3% risk of failure)
Press: ? - help, Shift-Dir - straight line, f - ogre
Aim: an ogre, wielding a +0 giant spiked club (asleep, 100% to hit)
The searing ray hits the ogre!
The ogre is moderately wounded.
The ogre shouts! (Press . to maintain the ray.)
The searing ray hits the ogre.
The ogre is heavily wounded.
The searing ray hits the ogre.
The ogre is heavily wounded.
The searing ray hits the ogre.
The ogre is severely wounded.
You finish channelling your searing ray.
The ogre hits you with a +0 giant spiked club!!
Ouch! That really hurt!
You die...

#.# ### .....
#.# #.# .#
#...###.######.#
...............#
##.####.########
#.####.#
#......#
#.######
######.###
#......@.#
#.####.#O# #.#.#
#.#.. #.#..#
.....# ......
.....#


You could see an ogre.

Vanquished Creatures
  4 adders
  A worm (D:2)
  A dart slug (D:2)
  5 bats
  7 endoplasms
  13 giant cockroaches (D:2)
  6 goblins
  3 hobgoblins (D:2)
  2 quokkas (D:2)
  2 ball pythons
  2 frilled lizards
  4 kobolds
  3 rats
53 creatures vanquished.

Notes
Turn   | Place    | Note
-------+----------+-------------------------------------------
     0 | D:1      | testman the Djinni Hedge Wizard began the quest for the
                  | Orb.
     0 | D:1      | Reached XP level 1. HP: 15/15 MP: 0/0
    37 | D:1      | Found a faded altar of an unknown god.
    42 | D:1      | Prayed at the altar of an unknown god.
    42 | D:1      | Became a worshipper of Cheibriados the Contemplative
    42 | D:1      | Reached * piety under Cheibriados
   437 | D:1      | Reached XP level 2. HP: 18/21 MP: 0/0
   900 | D:1      | Reached skill level 3 in Spellcasting
  1354 | D:2      | Reached XP level 3. HP: 16/25 MP: 0/0
  1354 | D:2      | Learned a level 1 spell: Freeze
  1942 | D:2      | Reached ** piety under Cheibriados
  2006 | D:2      | HP: 1/26 [adder (4)]
  2013 | D:1      | Reached skill level 1 in Fighting
  2013 | D:1      | Reached XP level 4. HP: 2/32 MP: 0/0
  3414 | D:3      | Reached XP level 5. HP: 34/38 MP: 0/0
  3414 | D:3      | Learned a level 2 spell: Searing Ray
  3481 | D:3      | Noticed an ogre
  3485 | D:3      | Slain by an ogre

Illustrated notes

Levels and vault maps discovered:
D:1:      minmay_arrival_up_and_down, layout_loops_corners,
          ebering_ecumenical_altar_mist
D:2:      minmay_roachtagon, layout_loops_corners, st_stairs_9
D:3:      layout_loops_corners

Skill      XL: |  1  2  3 |
---------------+----------+-----
Spellcasting   | 3 |  3.7
Fighting       | 1 |  1.9
Dodging        | |  2.1
Stealth        | |  1.5

Action                   |  1- 3 |  4- 6 || total
-------------------------+-------+-------++-------
Melee: Dagger            |    49 |    25 ||    74
       Punch             |       |     1 ||     1
 Cast: Magic Dart        |    29 |    30 ||    59
       Freeze            |    10 |       ||    10
       Searing Ray       |       |     1 ||     1
 Stab: Sleeping          |     5 |     1 ||     6
Armor: Robe              |     8 |     6 ||    14
Dodge: Dodged            |    37 |    12 ||    49

Table legend: (Time is in decaauts)
 A = Elapsed time spent in this place.
 B = Non-inter-level travel time spent in this place.
 C = Inter-level travel time spent in this place.
 D = Time resting spent in this place.
 E = Time spent auto-exploring this place.
 F = Levels seen in this place.
 G = Mean time per level.
                   A        B        C        D        E       F      G
               +--------+--------+--------+--------+--------+-----+--------+
         Total |   4234 |   4102 |    132 |   1122 |   2617 |   3 | 1411.3 |
       Dungeon |   4234 |   4102 |    132 |   1122 |   2617 |   3 | 1411.3 |
               +--------+--------+--------+--------+--------+-----+--------+

Top non-repeatable levels by time:
     D:2: 2125 daAuts
     D:1: 1825 daAuts
     D:3: 282 daAuts
